 Dungeon Crawl Stone Soup version 0.31.0-7-gf635a9b802 (webtiles) character file.

Game seed: 1764759510984865468

1244 jorslayerofgods the Conjurer (level 8, 0/37 (42) HPs)
             Began as a Deep Elf Conjurer on Jan 23, 2024.
             Was a Plaything of Xom.
             Slain by a +3 trident of draining (2 damage)
             ... animated by Xom
             ... on level 6 of the Dungeon.
             The game lasted 00:39:28 (6232 turns).

jorslayerofgods the Conjurer (Deep Elf Conjurer)    Turns: 6232, Time: 00:39:35

HP:   0/37 (42)     AC:  4    Str:  4    XL:     8   Next: 25%
MP:   5/20          EV: 14    Int: 26    God:    Xom [...*..]
Gold: 242           SH:  0    Dex: 19    Spells: 14/21 levels left

rFire   . . .        i - +2 short sword (speed)
rCold   . . .        (no shield)
rNeg    . . .        a - +1 robe
rPois   .            (no helmet)
rElec   .            (no cloak)
rCorr   .            (no gloves)
SInv    .            b - +0 pair of boots
Will    .....        (no amulet)
Stlth   +++          h - +6 ring of dexterity
HPRegen 0.26/turn    (no ring)
MPRegen 0.17/turn

%: no passive effects
@: heavily drained
A: no striking features
a: Renounce Religion


You were on level 6 of the Dungeon.
You worshipped Xom.
You were a favourite toy of Xom.
You visited 1 branch of the dungeon, and saw 6 of its levels.

You collected 242 gold pieces.

Inventory:

Hand Weapons
 f - a +0 whip
 i - a +2 short sword of speed (weapon)
 l - a +0 long sword
 t - a +2 battleaxe of electrocution
Missiles
 d - 14 poisoned darts
 n - 2 boomerangs
Armour
 a - a +1 robe (worn)
 b - a +0 pair of boots (worn)
 r - a +0 cloak
Jewellery
 h - a +6 ring of dexterity (left hand)
Wands
 o - a wand of iceblast (9)
Scrolls
 k - 3 scrolls of identify
 p - a scroll of blinking
 q - a scroll of amnesia {unknown}
Potions
 c - 3 potions of heal wounds
 e - a potion of lignification
 g - a potion of attraction
 j - a potion of mutation {unknown}
 m - 2 potions of curing
 s - 2 potions of haste
 u - a potion of might {unknown}


   Skills:
 + Level 0.7 Fighting
 * Level 4.7 Short Blades
 + Level 4.0 Dodging
 + Level 4.8 Stealth
 + Level 7.0 Spellcasting
 + Level 7.4 Conjurations
 + Level 0.3 Alchemy


You had 14 spell levels left.
You knew the following spells:

 Your Spells              Type           Power      Damage    Failure   Level
a - Magic Dart            Conj           100%       1d8       1%          1
b - Searing Ray           Conj           94%        2d7       1%          2
c - Fulminant Prism       Conj/Alch      14%        3d9       13%         4

Your spell library contained the following spells:

 Spells                   Type           Power      Damage    Failure   Level
 Sting                    Conj/Alch      100%       1d9       1%          1
 Apportation              Tloc           18%        N/A       6%          1
 Slow                     Hex            36%        N/A       6%          1
 Ensorcelled Hibernation  Hex/Ice        18%        N/A       10%         2
 Iskenderun's Mystic Bla  Conj/Tloc      28%        2d7       14%         4
 Passwall                 Erth           9%         N/A       19%         3
 Swiftness                Air            9%         N/A       19%         3


Dungeon Overview and Level Annotations

Branches:
Dungeon (6/15)
 Temple: D:4-7

Altars:
Dithmenos
Kikubaaqudgha
Trog
Xom

Annotations:
D:6 Edmund


Message History

Your Dodging skill increases to level 4!
Your Spellcasting skill increases to level 7!
You have reached level 8!
You feel clever.
Edmund the Younger comes into view.
He is wielding a +4 heavy flail.
Your +3 trident of draining hits Edmund.
Your +3 trident of draining drains Edmund.
Casting: Searing Ray (safe; 1% risk of failure)
Confirm with . or Enter, or press ? or * to list all spells.
Aiming: Searing Ray (safe; 1% risk of failure)
Press: ? - help, Shift-Dir - straight line, f - Edmund
Aim: Edmund, wielding a +4 heavy flail and wearing a +0 scale mail (lightly wounded, lightly drained, ally target, 84% to hit)
The searing ray misses your +3 trident of draining.
The searing ray hits Edmund.
Edmund is moderately wounded. (Press . to maintain the ray.) Edmund closely misses your +3 trident of draining.
Your +3 trident of draining hits Edmund!
The searing ray hits your +3 trident of draining!
Your +3 trident of draining is moderately damaged.
The searing ray hits Edmund.
Edmund is heavily wounded.
Xom titters.
Edmund looks rather confused.
The +3 trident of draining closely misses you.
An ice beast comes into view.
The +3 trident of draining hits you!
You feel drained.
Edmund cries.
The +3 trident of draining hits you!
You feel drained.
* * * LOW HITPOINT WARNING * * *
The +3 trident of draining misses you.
Things that are here:
a +1 robe of willpower; an orb of mayhem The +3 trident of draining barely misses you.
Edmund looks very confused.
The +3 trident of draining hits you!
* * * LOW HITPOINT WARNING * * *
You feel drained.
You die...
Xom thinks this is hilarious!

#.# .# ##.###.### .#.
#......... .. #.......#
..# . #.......# Y.# ..
##.###..###..#^## # #.#
#..#.@......
#.##.##.###...(.......
.............@[.......
####.##..##..#..#.....
##.##..##############
#.....b# ######.#.#.##
#......###...#.⌠.#.⌠.##
#.###..##.#.#.#.#.#.#.##
# ##..#.⌠.#.⌠.#.⌠.#...#
# #...+..#.#.#.#.#.⌠.⌠#
#.##...'.#.⌠.#.⌠.#..._.#


You could see Edmund (confused, drained), an ice beast (wandering) and a +3
trident of draining.

Vanquished Creatures
  An ice beast (D:5)
  A phantom (D:4)
  Blork the orc (D:6)
  2 vampire bats (D:6)
  3 howler monkeys (D:5)
  2 bombardier beetles
  An orc priest (D:4)
  A hound (D:6)
  4 iguanas
  An orc wizard (D:5)
  4 gnolls (D:2)
  9 adders
  A shadow imp (D:5)
  3 dart slugs
  4 ribbon worms
  14 orcs
  2 ball pythons
  A bat skeleton (D:6)
  3 bat zombies (D:6)
  8 endoplasms
  5 giant cockroaches
  9 goblins
  8 hobgoblins
  6 jackals
  3 quokkas
  8 bats
  6 frilled lizards
  A kobold (D:2)
  4 rats
116 creatures vanquished.

Vanquished Creatures (collateral kills)
  Jeremiah (D:6)
  A bombardier beetle (D:4)
2 creatures vanquished.

Vanquished Creatures (others)
  5 fulminant prisms
5 creatures vanquished.

Grand Total: 123 creatures vanquished

Notes
Turn   | Place    | Note
-------+----------+-------------------------------------------
     0 | D:1      | jorslayerofgods the Deep Elf Conjurer began the quest for
                  | the Orb.
     0 | D:1      | Reached XP level 1. HP: 10/10 MP: 6/6
   139 | D:1      | Reached XP level 2. HP: 6/15 MP: 0/8
   224 | D:1      | Learned a level 2 spell: Searing Ray
   330 | D:1      | Reached skill level 5 in Conjurations
   555 | D:1      | Reached XP level 3. HP: 17/19 MP: 5/9
  1127 | D:2      | Reached XP level 4. HP: 9/24 MP: 0/12
  2495 | D:3      | Found a faded altar of an unknown god.
  2510 | D:3      | Prayed at the altar of an unknown god.
  2510 | D:3      | Became a worshipper of Xom of Chaos
  2551 | D:3      | Reached XP level 5. HP: 28/28 MP: 3/13
  2853 | D:3      | XOM: cloud trail
  3301 | D:4      | Learned a level 4 spell: Fulminant Prism
  3451 | D:4      | XOM: 1-stop teleportation journey
  3586 | D:4      | Reached skill level 1 in Short Blades
  3589 | D:4      | Reached XP level 6. HP: 32/32 MP: 1/15
  3659 | D:4      | XOM: enchant monster (good)
  3665 | D:4      | Reached skill level 5 in Spellcasting
  3682 | D:4      | XOM: god gift: 2 boomerangs
  3701 | D:4      | XOM: summons friendly crimson imp
  3769 | D:4      | XOM: scenery: create altars
  3894 | D:4      | XOM: 2-stop teleportation journey
  3948 | D:4      | XOM: scenery: summon butterflies
  4166 | D:4      | XOM: noise
  4406 | D:5      | Entered Level 5 of the Dungeon
  4418 | D:5      | XOM: 2-stop teleportation journey
  4455 | D:5      | XOM: noise
  4484 | D:5      | XOM: summons friendly ufetubus
  4492 | D:5      | Reached XP level 7. HP: 23/36 MP: 3/17
  4610 | D:5      | Got The Basics of the Wizard's Wisdom
  4834 | D:5      | XOM: noise
  5281 | D:5      | XOM: enchant monster (good)
  5474 | D:5      | Found a bloodstained altar of Trog.
  5481 | D:5      | Found a shadowy altar of Dithmenos.
  5818 | D:6      | Noticed Blork the orc
  5823 | D:6      | XOM: swap monsters
  5829 | D:6      | Killed Blork the orc
  5950 | D:6      | Noticed Jeremiah
  6129 | D:6      | Found an ancient bone altar of Kikubaaqudgha.
  6217 | D:6      | XOM: scenery: 1 doors close
  6225 | D:6      | Killed Jeremiah
  6226 | D:6      | Reached XP level 8. HP: 42/42 MP: 7/20
  6227 | D:6      | Noticed Edmund
  6229 | D:6      | XOM: confuse monster(s)
  6232 | D:6      | Slain by a +3 trident of draining

Illustrated notes

Levels and vault maps discovered:
D:1:      wander_arrival_desolate, layout_basic
D:2:      layout_loops_corners, patterned_corridor
D:3:      layout_rooms, cheibrodos_sewer_entry_bend,
          shapermc_ecumenical_altar_pompeii
D:4:      nicolae_cairo_tiling_large_dashed, layout_basic
D:5:      layout_layer_cave, amethyst_overflow_temple_binary
D:6:      lemuel_ratsnest, layout_basic, nemelex_altar_shiori,
          kennysheep_vampire_church, corexii_hall_statues_t, uniq_jeremiah,
          uniq_blork_the_orc, uniq_edmund, uniq_pikel, uniq_crazy_yiuf_cottage

Skill      XL: |  1  2  3  4  5  6  7 |
---------------+----------------------+-----
Conjurations   | 5 6 7 |  7.4
Spellcasting   | 4 5 7 |  7.0
Stealth        | 3 4 |  4.8
Dodging        | 3 4 |  4.0
Short Blades   | 1 2 4 |  4.7
Fighting       | |  0.7
Alchemy        | |  0.3

Action                     |  1- 3 |  4- 6 |  7- 9 || total
---------------------------+-------+-------+-------++-------
  Melee: Unarmed           |    12 |       |       ||    12
         Whip              |       |     1 |       ||     1
         Short sword       |       |    20 |    16 ||    36
   Cast: Magic Dart        |    48 |   129 |    52 ||   229
         Searing Ray       |     7 |     7 |     7 ||    21
         Fulminant Prism   |       |     2 |     3 ||     5
    Use: Potion            |     6 |     4 |       ||    10
         Scroll            |       |     7 |       ||     7
   Stab: Sleeping          |       |     1 |       ||     1
         Paralysed         |       |     1 |       ||     1
         Distracted        |       |       |     1 ||     1
 Armour: Robe              |    33 |    15 |    28 ||    76
  Dodge: Dodged            |    41 |    33 |    34 ||   108
